 Dungeon Crawl Stone Soup version 0.17-a0-1882-g750edc8 (webtiles) character file.

60 kenny521 the Skirmisher (level 4, 0/40 HPs)
             Began as a Hill Orc Fighter on Sept 22, 2015.
             Slain by a shadow imp (3 damage)
             ... on level 3 of the Dungeon.
             The game lasted 00:07:45 (1453 turns).

kenny521 the Skirmisher (Hill Orc Fighter)          Turns: 1453, Time: 00:07:45

Health: 0/40       AC: 11    Str: 19    XL:     4   Next: 6%
Magic:  4/4        EV:  3    Int: 13    God:
Gold:   113        SH:  9    Dex: 10    Spells: 0 memorised, 3 levels left

rFire  . . .     SeeInvis .     q - +0 rod of the swarm (curse) (13/13)
rCold  . . .     Clarity  .     h - +0 plate armour
rNeg   . . .     SustAt   .     c - +0 shield
rPois  .         Gourm    .     (no helmet)
rElec  .         Spirit   .     (no cloak)
rCorr  .         Warding  .     (no gloves)
rMut   .         Stasis   +     (no boots)
MR     .....                    b - amulet of stasis
Stlth  ..........               (no ring)
                                (no ring)

@: brilliant, lethally poisoned (0 -> -12), not resistant to hostile
enchantments, extremely unstealthy
A: no striking features
a: no special abilities


You were on level 3 of the Dungeon.
You were very hungry.

You visited 1 branch of the dungeon, and saw 3 of its levels.

You collected 113 gold pieces.

Inventory:

Hand weapons
 a - a +0 trident
Armour
 c - a +0 shield (worn)
 h - a +0 plate armour (worn)
Rods
 n - a +0 rod of ignition (9/9)
   (You found it on level 3 of the Dungeon)
 q - a cursed +0 rod of the swarm (13/13) (weapon)
   (You found it on level 3 of the Dungeon)
Jewellery
 b - an amulet of stasis (around neck)
Scrolls
 g - a scroll of identify
 i - a scroll of blinking
 k - 2 scrolls of noise
Potions
 f - a potion of brilliance
 l - a potion of lignification {unknown}
 m - a potion of poison
Comestibles
 d - 2 fruits
 e - 3 bread rations


   Skills:
 + Level 4.2 Fighting
 + Level 2.4 Polearms
 + Level 3.9 Armour
 + Level 0.2 Dodging
 + Level 4.1 Shields


You had 3 spell levels left.
You didn't know any spells.

Dungeon Overview and Level Annotations

Branches:
Dungeon (3/15)

Altars:
Okawaru
Trog


Message History

The shadow imp hits you but does no damage.
You hit the shadow imp.
The shadow imp is moderately wounded.
The shadow imp gestures at you. Pain shoots through your body!
* * * LOW HITPOINT WARNING * * *
It was a potion of brilliance.
You feel clever all of a sudden.
The shadow imp hits you but does no damage.
It was a potion of curing.
You feel better. The shadow imp gestures at you. Pain shoots through your body!
* * * LOW HITPOINT WARNING * * *
Drink which item? (? for menu, Esc to quit)
It was a potion of poison.
That liquid tasted very nasty...
You are lethally poisoned!
* * * LOW HITPOINT WARNING * * *
You feel sick. The shadow imp hits you.
You die...

**,,,,*,,*##.#*,,,* ##§§§§§§....
,,,,,,,,,,,..#***,** #.§§§§§§....
**,,,.######.# *,,* #.§§§§§.....
**,,,........##################..
****,******#..................#..
,,,,,* #.##.#.#.####.####.#..
,***,* #.##.###.#,,+.+,,*,#..
,*,,,** #.##.5##.#,,#.#,8*,#..
,*,,,,*****#.###@.#.#+##.####.#..
,,,,_,,,,,,#.##...#...........#..
***,,,,*,*,..#..###.#+##.####.#..
**,,,*,**#.#.#*,#.#,,+.+,,*,#..
*,***,*,,,..,,,*,*,,#.#,,*,#.#
*,,,,,*,,.(.,,*#.####.##+#.#.†
****,*****,...,,,,#...........#..
,,,,,,,,,,....,,,,#.####.##+#.#.#
,,,,,,,,,,,,,,,*,,#,#..'.+,,*,#..


You could see a shadow imp.

Vanquished Creatures
  2 adders (D:2)
  2 giant geckos
  An orc (D:3)
  2 giant cockroaches
  4 hobgoblins
  4 jackals (D:1)
  7 bats
  5 goblins
  8 kobolds
  3 rats
38 creatures vanquished.

Notes
Turn   | Place    | Note
--------------------------------------------------------------
     0 | D:1      | kenny521 the Hill Orc Fighter began the quest for the Orb.
     0 | D:1      | Reached XP level 1. HP: 19/19 MP: 1/1
    97 | D:1      | Reached XP level 2. HP: 18/27 MP: 2/2
   365 | D:2      | Reached XP level 3. HP: 11/33 MP: 3/3
  1040 | D:2      | Reached skill level 4 in Fighting
  1120 | D:3      | Identified a +0 rod of ignition (9/9) (You found it on level 3 of the Dungeon)
  1122 | D:3      | Found a bloodstained altar of Trog.
  1241 | D:3      | Identified a cursed +0 rod of the swarm (13/13) (You found it on level 3 of the Dungeon)
  1293 | D:3      | Found an iron altar of Okawaru.
  1321 | D:3      | Reached XP level 4. HP: 33/40 MP: 4/4
  1453 | D:3      | Slain by a shadow imp

Vault maps used:
D:1:      minmay_arrival_wavy_path
D:2:      grunt_temple_overflow_holy_war, overflow_temple_1_default,
          kiku_gazebo_garden_becter, first_bread
D:3:      minmay_door_path, nicolae_overflow_crystal_walls, bloody_trog,
          okawaru_trees_2

Action                   |  1- 3 |  4- 6 || total
-------------------------+-------+-------++-------
Melee: Trident           |   146 |       ||   146
       Rod               |     7 |    19 ||    26
  Use: Scroll            |     6 |       ||     6
       Potion            |     1 |     3 ||     4
  Eat: Fruit             |     1 |       ||     1
